 Dungeon Crawl Stone Soup version 0.20-a0-1117-g62da73f (webtiles) character file.

1627 JiminyMac the Cleaver (level 8, 0/73 HPs)
             Began as a Minotaur Berserker on May 9, 2017.
             Was a Priest of Trog.
             Killed from afar by an electric eel (7 damage)
             ... with a bolt of electricity
             ... on level 5 of the Dungeon.
             The game lasted 00:15:11 (4770 turns).

JiminyMac the Cleaver (Minotaur Berserker)          Turns: 4770, Time: 00:15:13

Health: 0/73       AC: 13    Str: 24    XL:     8   Next: 65%
Magic:  7/7        EV:  9    Int:  4    God:    Trog [***...]
Gold:   230        SH:  4    Dex: 10    Spells: 7/7 levels left

rFire    + . .     SeeInvis .   a - +0 hand axe
rCold    . . .     Gourm    .   (no shield)
rNeg     . . .     Faith    .   g - +0 chain mail
rPois    +         Spirit   .   (helmet restricted)
rElec    .         Reflect  +   (no cloak)
rCorr    .         Harm     .   q - +0 pair of gloves
MR       .....                  w - +0 pair of boots
Stlth    ..........             A - +4 amulet of reflection
Regen    0.3/turn               d - ring of poison resistance
MPRegen  0.1/turn               B - ring of protection from fire

@: no status effects
A: retaliatory headbutt, horns 2
a: Berserk, Trog's Hand, Burn Spellbooks, Renounce Religion


You were on level 5 of the Dungeon.
You worshipped Trog.
Trog was most pleased with you.
You were not hungry.

You visited 1 branch of the dungeon, and saw 5 of its levels.

You collected 230 gold pieces.

Inventory:

Hand Weapons
 a - a +0 hand axe (weapon)
Armour
 g - a +0 chain mail (worn)
 q - a +0 pair of gloves (worn)
 w - a +0 pair of boots (worn)
Jewellery
 b - an uncursed amulet of regeneration
 d - a ring of poison resistance (left hand)
 A - a +4 amulet of reflection (around neck)
 B - a ring of protection from fire (right hand)
Wands
 s - a wand of flame (33/48)
 E - a wand of lightning (4/15)
Scrolls
 e - 4 scrolls of identify
 h - a scroll of immolation {unknown}
 j - 2 scrolls of recharging {unknown}
 m - a scroll of fear
 n - a scroll of blinking {unknown}
 o - 3 scrolls of teleportation
 r - a scroll of random uselessness {unknown}
 t - a scroll of fog {unknown}
 u - 2 scrolls of enchant weapon {unknown}
 y - 2 scrolls of enchant armour {unknown}
 C - a scroll of remove curse
 D - a scroll of amnesia {unknown}
 G - a scroll of magic mapping {unknown}
Potions
 f - a potion of berserk rage
 l - a potion of ambrosia {unknown}
 p - a potion of might {unknown}
 v - a potion of haste {unknown}
 x - 2 potions of flight {unknown}
 z - a potion of curing
Comestibles
 c - 2 bread rations
 i - a royal jelly
 k - 3 meat rations
 F - 2 fruits
 H - 2 chunks of flesh


   Skills:
 + Level 7.3 Fighting
 * Level 10.2 Axes
 + Level 6.8 Armour
 - Level 2.1 Dodging


You had 7 spell levels left.
You didn't know any spells.

Dungeon Overview and Level Annotations

Branches:
Dungeon (5/15)
 Temple: D:4-7

Altars:
Yredelemnul
The Shining One

Shops:
D:5 =


Innate Abilities, Weirdness & Mutations

You reflexively headbutt those who attack you in melee.
You have a pair of horns on your head.


Message History

You swap places.
The electric eel shoots out a bolt of lightning at you!
The bolt of electricity misses you. What are your orders? t - Shout!
Orders for allies: a - Attack new target. r - Retreat! s - Stop attacking. g - Guard the area. f - Follow me.
Anything else - Cancel.
Gang up on whom?
Press: ? - help, Dir - move target cursor, f - electric eel
Aim: an electric eel (water) Attack!
The electric eel shoots out a bolt of lightning at you!
The bolt of electricity hits you!
* * * LOW HITPOINT WARNING * * *
Your two-headed ogre rages.
The electric eel shoots out a bolt of lightning at you!
The bolt of electricity hits the plant.
The bolt of electricity hits you!
You die...

####....####...........##
........##.########....##
........#.. .≈≈)≈##'#...
........#.# ..P$≈≈#.##..
......#.#.# ..P=;≈#.##..
##....###≈# .P≈(≈≈#.##..
#.... #≈≈# .P..≈##≈##..
##≈# ########≈###.. #.@#
.P≈[≈##≈##.#..
#O#'...P[;≈#.#..#..
########.#....≈..≈#.#..'..
#......#≈#...P.$;≈#.#..#..
#......#≈##...≈.;##.#..#..
#......##.########.##.....
#......###...≈≈≈≈≈###.....
#........##########.......
#........# ########.......


You could see 3 electric eels and a friendly two-headed ogre (berserk).

Vanquished Creatures
  Pikel (D:5)
  Edmund (D:4)
  4 slaves (D:5)
  A phantom (D:3)
  An ogre (D:4)
  A scorpion (D:4)
  A howler monkey (D:5)
  3 crimson imps (D:5)
  A bullfrog skeleton (D:5)
  4 worker ants
  2 orc wizards (D:5)
  5 adders
  An ooze (D:3)
  2 adder skeletons
  2 worms
  A dart slug (D:4)
  4 leopard geckos
  4 orcs
  A ball python (D:2)
  7 bats
  3 giant cockroaches
  7 goblins
  14 hobgoblins
  9 jackals
  3 quokkas
  6 frilled lizards
  A jackal skeleton (D:4)
  14 kobolds
  A leopard gecko zombie (D:5)
  11 rats
  A spectral orc (D:2)
117 creatures vanquished.

Vanquished Creatures (collateral kills)
  A hydra (D:5)
1 creature vanquished.

Grand Total: 118 creatures vanquished

Notes
Turn   | Place    | Note
-------+----------+-------------------------------------------
     0 | D:1      | JiminyMac the Minotaur Berserker began the quest for the Orb.
     0 | D:1      | Reached XP level 1. HP: 19/19 MP: 0/0
   201 | D:1      | Reached XP level 2. HP: 27/27 MP: 1/1
   202 | D:1      | Reached skill level 4 in Axes
   536 | D:1      | Reached XP level 3. HP: 32/33 MP: 2/2
   746 | D:1      | Found a glowing golden altar of the Shining One.
   906 | D:2      | Reached ** piety under Trog
  1111 | D:2      | Reached skill level 5 in Axes
  1287 | D:2      | Reached XP level 4. HP: 33/40 MP: 3/3
  1404 | D:2      | Found a basalt altar of Yredelemnul.
  2358 | D:3      | Reached *** piety under Trog
  2475 | D:3      | Noticed a phantom
  2489 | D:3      | Killed a phantom
  2489 | D:3      | Reached skill level 6 in Axes
  2489 | D:3      | Reached XP level 5. HP: 47/47 MP: 4/4
  3173 | D:4      | Noticed Edmund
  3184 | D:4      | Reached skill level 5 in Fighting
  3188 | D:4      | Killed Edmund
  3188 | D:4      | Reached XP level 6. HP: 56/56 MP: 5/5
  3225 | D:4      | Reached skill level 7 in Axes
  3593 | D:4      | Reached XP level 7. HP: 61/61 MP: 6/6
  3926 | D:5      | Entered Level 5 of the Dungeon
  3941 | D:5      | Reached skill level 5 in Armour
  4204 | D:5      | Reached skill level 8 in Axes
  4272 | D:5      | Found Lomomirchom's Jewellery Emporium.
  4281 | D:5      | Noticed Pikel
  4304 | D:5      | Killed Pikel
  4304 | D:5      | Reached skill level 9 in Axes
  4304 | D:5      | Reached XP level 8. HP: 52/71 MP: 7/7
  4741 | D:5      | Reached **** piety under Trog
  4750 | D:5      | Noticed a four-headed hydra
  4761 | D:5      | Killed a four-headed hydra
  4761 | D:5      | Reached skill level 10 in Axes
  4770 | D:5      | Killed from afar by an electric eel

Vault maps used:
D:1:      matt_arrival_spirals, tso_metal_star
D:2:      yredelemnul_forgotten_temple_becter, first_bread
D:3:      st_stairs_3
D:4:      uniq_edmund
D:5:      cheibrodos_two_vegetables, led_sif_pool, serial_shops,
          nicolae_shop_trees, uniq_pikel

Skill      XL: |  1  2  3  4  5  6  7  8 |
---------------+-------------------------+-----
Axes           | 4 5 6 7 9 10 | 10.2
Fighting       | 4 5 6 7 |  7.3
Armour         | 3 4 6 |  6.8
Dodging        | |  2.1

Action                   |  1- 3 |  4- 6 |  7- 9 || total
-------------------------+-------+-------+-------++-------
Melee: Hand axe          |    75 |   117 |    79 ||   271
       Headbutt          |    15 |    27 |     7 ||    49
Invok: Berserk           |     1 |     2 |     1 ||     4
       Brothers in Arms  |       |       |     1 ||     1
  Use: Scroll            |     1 |     4 |       ||     5
  Eat: Chunk             |     2 |     8 |     6 ||    16
Armor: Animal skin       |     1 |       |       ||     1
       Chain mail        |    38 |    56 |    53 ||   147
Dodge: Dodged            |    38 |    55 |    37 ||   130
Block: Other             |       |       |    15 ||    15
